Match 47147874
Unlisted

Match 47147874
End
Engineer Squad
Construct Weapon Support Center
Selects Heavy Weapons
M1919 Machine Gun Team
M1919 Machine Gun Team
M1919 Machine Gun Team
Infantry Support Center
Selects Assault Carriers
M3 Assault Carrier
M3 Assault Carrier
M3 Assault Carrier
Engineer Squad
Selects Exchangeable Parts
Advanced Logistics
M3 Assault Carrier
M3 Assault Carrier
M3 Assault Carrier
M3 Assault Carrier
Selects Towed M5 3-inch Anti-tank Gun
Towed M5 3-inch Anti-tank Gun
Selects M2HB .50cal Heavy Machine Gun
Selects Rapid Reposition
M3 Assault Carrier
M3 Assault Carrier
Towed M5 3-inch Anti-tank Gun
Engineer Squad
M3 Assault Carrier
Selects Black Dragon Artillery Barrage
M1919 Machine Gun Team
M1919 Machine Gun Team
Black Dragon Artillery Barrage
M1919 Machine Gun Team
Towed M5 3-inch Anti-tank Gun
lemerman9
gabman6
Findus
wheeeman25
0
0

Comments sign in to comment!

No comments posted yet!